AoeStats
← [GDL] HANNIBAL

Arena

508809439Analyzed
4v4 RM · 8d ago on Sep 24, 2026· 36m 37s· 8 players
Game mode
Random Map
Map size
Large (8 player)
Population
200
Speed
Normal
Resources
Standard
Victory
Conquest
Starting age
Dark Age
Ending age
Imperial Age
RankedLock teamsTeams togetherTeam positionsShared explorationLock speedFull tech treeHidden civsTurbo modeCheats
Victory
Defeat
🇲🇽 Varangians · Mexico
1662
+8
🇦🇷 Cumans · Argentina
1553
+12
🇨🇱 Spanish · Chile
1530
+13
1439
+16
🇹🇼 Khmer · Taiwan
1521
-15
🇺🇸 Burgundians · United States
1509
-14
🇨🇳 Georgians · China
1435
-11
🇲🇽 Danes · Mexico
1365
-9
[GDL] HANNIBAL
10:42 Feudal Age
14:45 Castle Age
13:44 Double-Bit Axe
13:40 Horse Collar
14:35 Scale Mail Armor
15:42 Town Watch
17:21 Gambesons
18:00 Bow Saw
20:14 Squires
21:27 Arson
24:48 Loom
逝
8:29 Feudal Age
12:19 Wheelbarrow
14:56 Castle Age
13:00 Horse Collar
13:08 Double-Bit Axe
16:01 Bow Saw
15:52 Loom
22:35 Gold Mining
24:13 Heavy Plow
24:52 Stone Mining
25:29 Hand Cart
28:45 Imperial Age
27:24 Stone Shaft Mining
26:46 Treadmill Crane
27:24 Town Watch
28:00 Scale Barding Armor
28:05 Forging
29:01 Chain Barding Armor
29:56 Bloodlines
29:47 Husbandry
31:11 Conscription
31:02 Pikeman
31:27 Arson
31:27 Gambesons
31:44 Scale Mail Armor
32:19 Iron Casting
32:56 Ballistics
33:37 Chemistry
32:37 Elite Monaspa
34:38 Svan Towers
34:50 Chain Mail Armor
35:35 Blast Furnace
36:27 Blast Furnace
35:18 Fletching
36:05 Plate Barding Armor
36:47 Plate Mail Armor
36:13 Bodkin Arrow
36:30 Squires
骑猪射箭
10:42 Feudal Age
9:22 Double-Bit Axe
9:19 Horse Collar
16:01 Castle Age
14:40 Gold Mining
15:29 Scale Barding Armor
17:03 Bow Saw
18:52 Husbandry
19:39 Cavalier
22:00 Chain Barding Armor
22:44 Wheelbarrow
25:04 Forging
27:28 Iron Casting
30:01 Gold Shaft Mining
30:06 Hand Cart
32:59 Imperial Age
30:40 Heavy Plow
32:36 Stone Mining
33:21 Paladin
34:40 Plate Barding Armor
35:06 Blast Furnace
35:11 Chemistry
35:40 Loom
(3A) Lü Bu king
5:24 Loom
8:11 Feudal Age
14:29 Fletching
15:40 Horse Collar
21:07 Town Watch
22:34 Wheelbarrow
24:54 Castle Age
AiM | CaballeroTemplario
10:40 Feudal Age
10:49 Loom
15:04 Castle Age
13:15 Double-Bit Axe
13:23 Horse Collar
16:01 Bow Saw
16:07 Fletching
24:04 Bodkin Arrow
27:11 Padded Archer Armor
33:53 Wheelbarrow
AiM | CyclopsTron
9:24 Feudal Age
13:58 Castle Age
12:44 Double-Bit Axe
13:59 Horse Collar
17:13 Bow Saw
21:44 Town Watch
23:00 Wheelbarrow
22:11 Loom
25:40 Hand Cart
28:58 Imperial Age
26:47 Scale Barding Armor
26:10 Vendel Legacy
26:47 Gold Mining
27:32 Heavy Plow
28:06 Bloodlines
28:35 Chain Barding Armor
28:54 Husbandry
29:09 Town Patrol
29:26 Forging
30:26 Plate Barding Armor
29:14 Cavalier
34:31 Iron Casting
36:50 Crop Rotation
AiM | PoRRo
9:46 Loom
11:34 Feudal Age
9:59 Loom
11:44 Feudal Age
16:00 Castle Age
14:45 Fletching
24:08 Padded Archer Armor
29:03 Bodkin Arrow
33:40 Wheelbarrow
32:56 Double-Bit Axe
34:13 Bow Saw
33:46 Horse Collar
37:35 Imperial Age
36:39 Heavy Plow
AIM | Agua cate 98
2:01 Loom
2:46 Loom
8:43 Feudal Age
12:48 Double-Bit Axe
13:25 Horse Collar
17:30 Wheelbarrow
21:14 Castle Age
20:54 Bloodlines
20:52 Scale Barding Armor
20:57 Forging
22:56 Chain Barding Armor
23:09 Bow Saw
24:01 Iron Casting
31:55 Imperial Age
29:35 Loom
30:58 Gold Mining
30:58 Stone Mining
31:31 Devotion
33:18 Gold Shaft Mining
32:10 Cavalier
33:48 Plate Barding Armor
34:14 Blast Furnace
35:41 Paladin
Connection lost

Rejoining the realm…

Still unreachable

The connection could not be restored.

Session expired

The server has moved on; the page needs a fresh start.